 Dungeon Crawl Stone Soup version 0.13-a0-2537-g1f6edf4 (webtiles) character file.

337 Kae the Ruinous (level 5, -1/28 HPs)
             Began as a Tengu Fire Elementalist on July 27, 2013.
             Slain by Edmund
             ... wielding a +4,+2 flail of protection
              (5 damage)
             ... on Level 4 of the Dungeon.
             The game lasted 00:03:41 (2632 turns).

Kae the Ruinous (Tengu Fire Elementalist)           Turns: 2632, Time: 00:03:41

HP  -1/28        AC  2     Str  8      XL: 5   Next: 56%
MP   4/11        EV 12     Int 17      God:
Gold 161         SH  0     Dex 14      Spells:  1 memorised,  7 levels left

Res.Fire  : . . .   See Invis. : .   d - +0,+1 dagger (curse)
Res.Cold  : . . .   Warding    : .   a - +0 robe (curse)
Life Prot.: . . .   Conserve   : .   (no shield)
Res.Poison: .       Res.Corr.  : .   (helmet restricted)
Res.Elec. : .       Clarity    : .   (no cloak)
Sust.Abil.: . .     Spirit.Shd : .   (no gloves)
Res.Mut.  : .       Stasis     : .   (boots unavailable)
Res.Rott. : .       Flight     : .   (no amulet)
Saprovore : . . .                    p - ring of teleport control
                                     l - cursed +5,+4 ring of slaying

@: slightly resistant to hostile enchantments, fairly stealthy
A: able to fly, beak, talons 3
a: Fly, Evoke Teleport Control


You were on level 4 of the Dungeon.
You were very hungry.

You visited 1 branch of the dungeon, and saw 4 of its levels.

You collected 141 gold pieces.

Inventory:

Hand weapons
 d - a cursed +0,+1 dagger (weapon)
Armour
 a - a cursed +0 robe (worn)
Comestibles
 c - 3 bread rations
 m - a choko
Scrolls
 h - a scroll of amnesia
 i - 3 scrolls of identify
 n - a scroll of recharging {unknown}
Jewellery
 e - a +5 ring of strength {unknown}
 l - a cursed +5,+4 ring of slaying (left hand)
 p - a ring of teleport control (right hand)
Potions
 f - a potion of might {unknown}
 k - a potion of paralysis {unknown}
Books
 b - a book of Flames

   Spells                             Type                      Level
   *Flame Tongue                      Conjuration/Fire             1
   Throw Flame                        Conjuration/Fire             2
   Conjure Flame                      Conjuration/Fire             3
   Inner Flame                        Hexes/Fire                   3
   Sticky Flame                       Conjuration/Fire             4
   Fireball                           Conjuration/Fire             5


   Skills:
 - Level 2.1 Dodging
 - Level 2.0 Stealth
 + Level 2.0 Spellcasting
 * Level 5.4 Conjurations
 + Level 4.2 Fire Magic


You had 7 spell levels left.
You knew the following spells:

 Your Spells              Type           Power        Failure   Level  Hunger
a - Flame Tongue          Conj/Fire      ###..        2%          1    #......


Dungeon Overview and Level Annotations

Branches:
Dungeon (4/27)             Temple (0/1) D:4

Altars:

Annotations
D:4 Edmund


Innate Abilities, Weirdness & Mutations

You can fly.
You have a beak for a mouth.
You have claws for feet.


Message History

Casting: Flame Tongue
Confirm with . or Enter, or press ? or * to list all spells.
Aiming: Flame Tongue
Press: ? - help, Shift-Dir - straight line, f/p - Edmund
Aim: Edmund, wielding a runed flail and wearing a ring mail (moderately wounded)
The flame hits Edmund.
Edmund is heavily wounded.
The orc closely misses you. Edmund hits you with a runed flail.
* * * LOW HITPOINT WARNING * * *
Casting: Flame Tongue
Confirm with . or Enter, or press ? or * to list all spells.
Aiming: Flame Tongue
Press: ? - help, Shift-Dir - straight line, f/p - Edmund
Aim: Edmund, wielding a runed flail and wearing a ring mail (heavily wounded)
The flame hits Edmund.
Edmund is heavily wounded.
The orc hits you from afar with an orcish trident.
* * * LOW HITPOINT WARNING * * *
Edmund hits you with a runed flail.
You die...

#.####.##.###...#
#.# #.##.# ##.##
#.####.##.# #%#
#.#####.##......#
#.#
#>...........####
#.#
#######.##.###
#.# #.##.# ##.#
#.##.# #..#
#@##.# #.##
#@##.# #.#
#######o##.#
#.###
#.......##.#
#...#
.........o#####.#
###.# ##.♣.♣...#
#.# #.# #..>..#.#
#.# #.♣.♣...# #.#
#.....### #.#


You could see Edmund and an orc.

Vanquished Creatures
  A worker ant (D:4)
  Ijyb (D:3)
  3 adders
  2 worms (D:3)
  2 giant mites
  3 giant geckos
  2 oozes
  An orc (D:3)
  A ball python (D:1)
  6 bats
  4 giant cockroaches
  15 hobgoblins
  10 jackals
  4 kobolds
  2 giant newts (D:2)
  7 goblins
  8 rats
  A rat skeleton (D:4)
73 creatures vanquished.

Notes
Turn   | Place    | Note
--------------------------------------------------------------
     0 | D:1      | Kae, the Tengu Fire Elementalist, began the quest for the Orb.
     0 | D:1      | Reached XP level 1. HP: 10/10 MP: 3/3
    86 | D:1      | Reached XP level 2. HP: 13/15 MP: 5/5
   228 | D:1      | Reached XP level 3. HP: 6/19 MP: 2/6
  1070 | D:2      | Reached skill level 4 in Fire Magic
  1070 | D:2      | Reached XP level 4. HP: 17/24 MP: 6/8
  2051 | D:3      | Reached XP level 5. HP: 22/28 MP: 0/11
  2196 | D:3      | Noticed Ijyb
  2219 | D:3      | Killed Ijyb
  2219 | D:3      | Reached skill level 5 in Conjurations
  2615 | D:4      | Found a staircase to the Ecumenical Temple.
  2617 | D:4      | Noticed Edmund
  2632 | D:4      | Slain by Edmund

Action                   |  1- 3 |  4- 6 || total
-------------------------+-------+-------++-------
Melee: Dagger            |    36 |    24 ||    60
       Unarmed           |     1 |       ||     1
 Cast: Flame Tongue      |    51 |    82 ||   133
  Use: Scroll            |       |    11 ||    11
       Potion            |       |     1 ||     1
 Stab: Sleeping          |       |     2 ||     2
